 Dungeon Crawl Stone Soup version 0.31.0-32-g396128a36d (webtiles) character file.

Game seed: 723923068549460271

410 chippings the Changeling (level 6, 0/51 HPs)
             Began as a Draconian Shapeshifter on Apr 16, 2024.
             Was an Initiate of Gozag.
             Slain by a gnoll
             ... wielding a +0 flail
              (10 damage)
             ... on level 5 of the Dungeon.
             The game lasted 00:08:47 (2583 turns).

chippings the Changeling (Draconian Shapeshifter)   Turns: 2583, Time: 00:08:47

Health: 0/51       AC:  6    Str: 23    XL:     6   Next: 58%
Magic:  6/6        EV: 12    Int: 18    God:    Gozag
Gold:   103        SH:  0    Dex: 10    Spells: 5/5 levels left

rFire   . .          .
                       - Unarmed
rCold   . . .        f - orb {light}
rNeg    . . .        (body armour unavailable)
rPois   .            (helmet currently unavailable)
rElec   .            A - melded +0 cloak
rCorr   .            D - melded +0 pair of gloves
SInv    .            d - melded +0 pair of boots
Will    .....        (no amulet)
Stlth   +            n - +6 ring of intelligence
HPRegen 0.28/turn    p - +6 ring of strength
MPRegen 0.10/turn

%: no passive effects
@: beast-form, gold aura, glowing
A: beast (slay +2), AC +6, unfitting armour, cold-blooded
a: Begin Untransformation, Renounce Religion, Potion Petition, Call Merchant,
Bribe Branch


You were on level 5 of the Dungeon.
You worshipped Gozag.
Gozag was aware of your devotion.
You were a hulking beast.
You visited 2 branches of the dungeon, and saw 6 of its levels.

You collected 320 gold pieces.
You spent 169 gold pieces at shops.
You paid 48 gold pieces to Gozag.

Inventory:

Armour
 d - a +0 pair of boots (melded)
 f - an orb of light (worn)
 A - a +0 cloak (melded)
 D - a +0 pair of gloves (melded)
Jewellery
 n - a +6 ring of intelligence (left hand)
 p - a +6 ring of strength (right hand)
 q - a ring of protection from fire
 s - a ring of see invisible
Talismans
 b - a beast talisman (active)
 c - a flux talisman
Wands
 G - a wand of polymorph (13)
Scrolls
 e - a scroll of poison {unknown}
 h - 2 scrolls of teleportation {unknown}
 k - 2 scrolls of fog {unknown}
 l - a scroll of fear {unknown}
 m - a scroll of torment {unknown}
 o - a scroll of revelation {unknown}
 r - a scroll of silence {unknown}
 t - 3 scrolls of vulnerability {unknown}
 w - a scroll of brand weapon {unknown}
 x - a scroll of amnesia {unknown}
 y - a scroll of noise {unknown}
Potions
 a - 2 potions of lignification
 g - a potion of might {unknown}
 i - 2 potions of mutation {unknown}
 j - a potion of ambrosia {unknown}
 u - 2 potions of degeneration {unknown}
 v - a potion of haste {unknown}
 z - a potion of invisibility {unknown}
 B - 2 potions of magic {unknown}
 C - a potion of attraction {unknown}
 E - 2 potions of heal wounds
 F - a potion of curing


   Skills:
 + Level 3.3 Fighting
 + Level 3.1 Dodging
 + Level 4.2 Unarmed Combat
 * Level 5.0 Shapeshifting


You had 5 spell levels left.
You didn't know any spells.
Your spell library contained the following spells:

 Spells                   Type           Power      Damage    Failure   Level
 Dazzling Flash           Conj/Hex       0%         N/A       54%         3
 Mephitic Cloud           Conj/Alch/Air  0%         N/A       54%         3
 Stone Arrow              Conj/Erth      0%         3d7       54%         3
 Curse of Agony           Necr           0%         N/A       99%         5
 Silence                  Hex/Air        0%         N/A       99%         5
 Lehudib's Crystal Spear  Conj/Erth      0%         10d2      100%        8
 Animate Armour           Summ/Erth      Unusable   N/A       N/A         4

Dungeon Overview and Level Annotations

Branches:
Dungeon (5/15)             Temple (1/1) D:4

Altars:
Ashenzari
Cheibriados
Elyvilon
Gozag
Kikubaaqudgha
Makhleb
Okawaru
Qazlal
Ru
Trog
Vehumet
Xom
Yredelemnul
Zin
The Shining One

Shops:
D:4 !


Innate Abilities, Weirdness & Mutations

You are a hulking beast.
Your limbs bulge with bestial killing power. (Slay +2)
Your plain brown scales are hard. (AC +6)
You cannot fit into any form of body armour.
You are cold-blooded and may be slowed by cold attacks.


Message History

You punch the gnoll!
You kill the gnoll!
The gnoll hits you but does no damage.
Your Shapeshifting skill increases to level 5!
The gnoll misses you. The gnoll barely misses you.
Things that are here:
20 gold pieces; a +0 flail; a +0 whip You hit the gnoll.
The gnoll is heavily wounded.
The gnoll barely misses you. The gnoll hits you with a +0 flail!
You are too injured to fight recklessly!
You are too injured to fight recklessly!
You hit the gnoll but do no damage.
The gnoll is heavily wounded.
The gnoll barely misses you. The gnoll hits you with a +0 flail.
You hit the gnoll but do no damage.
The gnoll is heavily wounded.
The gnoll hits you with a +0 spear. The gnoll hits you but does no damage.
You barely miss the gnoll.
The gnoll is heavily wounded.
The gnoll hits you with a +0 spear.
* * * LOW HITPOINT WARNING * * *
You hit the gnoll.
The gnoll is almost dead.
The gnoll is distracted by your dazzling golden aura.
The gnoll closely misses you.
The gnoll shouts!
You hit the gnoll.
You kill the gnoll!
You hit the gnoll but do no damage.
The gnoll is no longer distracted by gold.
Your tail-slap misses the gnoll.
The gnoll hits you with a +0 flail.
* * * LOW HITPOINT WARNING * * *
You hit the gnoll but do no damage. The gnoll hits you with a +0 flail.
* * * LOW HITPOINT WARNING * * *
You hit the gnoll.
The gnoll is moderately wounded.
The gnoll hits you with a +0 flail!
You die...
Your body crumbles into a pile of gold.

...###########
.............#
#....<.....#
#..........#
#..........# #.
#..........#
#.####.########
# #.# #.# .. #.#
##h# #..##
#.###$g#
.....##.#...##
#.......#.###
......g>..##
(..........#
.....##.........
.... #..........
.. ...##.......


You could see a gnoll.

Vanquished Creatures
  A scorpion (D:4)
  A bombardier beetle (D:5)
  An orc priest (D:4)
  A sleepcap (D:4)
  An iguana (D:4)
  An orc wizard (D:4)
  3 gnolls (D:5)
  8 adders
  2 ribbon worms
  2 dart slugs (D:1)
  10 orcs
  6 endoplasms
  5 giant cockroaches
  6 goblins
  5 hobgoblins
  8 jackals
  4 kobolds
  4 quokkas
  7 ball pythons
  8 bats
  6 frilled lizards
  6 rats
96 creatures vanquished.

Notes
Turn   | Place    | Note
-------+----------+-------------------------------------------
     0 | D:1      | chippings the Draconian Shapeshifter began the quest for
                  | the Orb.
     0 | D:1      | Reached XP level 1. HP: 16/16 MP: 1/1
   124 | D:1      | Reached XP level 2. HP: 23/23 MP: 2/2
   267 | D:1      | Reached XP level 3. HP: 29/29 MP: 3/3
   701 | D:2      | Reached XP level 4. HP: 27/36 MP: 4/4
  1128 | D:3      | Reached skill level 4 in Shapeshifting
  1286 | D:3      | Found a faded altar of an unknown god.
  1415 | D:3      | Found a stormy altar of Qazlal.
  1422 | D:3      | Found an ancient bone altar of Kikubaaqudgha.
  1691 | D:4      | Found a staircase to the Ecumenical Temple.
  1698 | Temple   | Entered the Ecumenical Temple
  1717 | Temple   | Became a worshipper of Gozag Ym Sagoz the Greedy
  1735 | D:4      | Noticed a scorpion
  1741 | D:4      | Killed a scorpion
  1742 | D:4      | Reached XP level 5. HP: 38/42 MP: 5/5
  1803 | D:4      | Found a white marble altar of Elyvilon.
  2181 | D:4      | Reached XP level 6. HP: 51/51 MP: 6/6
  2349 | D:4      | Found Tuwuluw's Distillery.
  2352 | D:4      | Bought 2 potions of heal wounds for 130 gold pieces
  2352 | D:4      | Bought a potion of curing for 39 gold pieces
  2533 | D:5      | Entered Level 5 of the Dungeon
  2574 | D:5      | Reached skill level 5 in Shapeshifting
  2583 | D:5      | Slain by a gnoll

Illustrated notes

Levels and vault maps discovered:
D:1:      dpeg_arrival_round_c, layout_basic
D:2:      layout_rooms, chequers_serial_rivers_micro_b, serial_bayou_pond_d
D:3:      layout_basic, minitemple, shapermc_ecumenical_altar_gd
D:4:      layout_loops_ring, nicolae_elyvilon_temple_path,
          minmay_temple_entry_glass, serial_shops, nicolae_shop_behind_doors,
          hex_large
D:5:      layout_rooms, kennysheep_nub, chequers_serial_rivers_small_a
Temple:   nicolae_temple_ecumenical_triangle

Skill      XL: |  1  2  3  4  5  6 |
---------------+-------------------+-----
Dodging        | 2 3 |  3.1
Fighting       | 2 3 |  3.3
Shapeshifting  | 4 5 |  5.0
Unarmed Combat | 4 |  4.2

Action                     |  1- 3 |  4- 6 || total
---------------------------+-------+-------++-------
  Melee: Unarmed           |   108 |   144 ||   252
         Tailslap          |     9 |    22 ||    31
Ability: Begin Untransform |     1 |     3 ||     4
 Armour: Skin              |    68 |    82 ||   150
  Dodge: Dodged            |    94 |    78 ||   172
   Form: Beast             |     1 |     3 ||     4
